 Dungeon Crawl Stone Soup version 0.32-a0-473-gd044c6f0f0 (webtiles) character file.

Game seed: 7017537338164464647

165 BubbleThief the Ruffian (level 5, 0/36 HPs)
             Began as an Octopode Shapeshifter on Feb 25, 2024.
             Slain by an orc
             ... wielding a +0 whip
              (4 damage)
             ... on level 3 of the Dungeon.
             The game lasted 00:02:56 (1686 turns).

BubbleThief the Ruffian (Octopode Shapeshifter)     Turns: 1686, Time: 00:02:57

Health: 0/36       AC:  1    Str: 15    XL:     5   Next: 46%
Magic:  5/5        EV: 13    Int: 13    God:
Gold:   114        SH:  0    Dex: 11    Spells: 4/4 levels left

rFire   . .          .
                       - Unarmed
rCold   . . .        (no shield)
rNeg    . . .        (helmet currently unavailable)
rPois   .            (no amulet)
rElec   .            (no ring)
rCorr   .            (no ring)
SInv    .            (no ring)
Will    .....        (no ring)
Stlth   ++           (no ring)
HPRegen 0.26/turn    (no ring)
MPRegen 0.09/turn    (no ring)
                     (no ring)

%: no passive effects
@: beast-form
A: beast (slay +2), almost no armour, amphibious, 8 rings, camouflage 1,
gelatinous body 1, (nimble swimmer 1), tentacles
a: Begin Untransformation


You were on level 3 of the Dungeon.
You were a hulking beast.
You visited 1 branch of the dungeon, and saw 3 of its levels.

You collected 114 gold pieces.

Inventory:

Armour
 f - a +0 cloak
Jewellery
 e - an amulet of magic regeneration
Talismans
 b - a beast talisman (active)
 c - a flux talisman
Scrolls
 d - a scroll of fear {unknown}
 g - 2 scrolls of enchant armour {unknown}
 h - 2 scrolls of identify {unknown}
 i - a scroll of enchant weapon {unknown}
Potions
 a - 2 potions of lignification
 j - a potion of haste {unknown}


   Skills:
 + Level 3.1 Fighting
 - Level 2.0 Dodging
 + Level 4.1 Unarmed Combat
 + Level 4.0 Shapeshifting


You had 4 spell levels left.
You didn't know any spells.
Your spell library contained the following spells:

 Spells                   Type           Power      Damage    Failure   Level
 Static Discharge         Conj/Air       0%         3-3/arc   43%         2
 Airstrike                Air            0%         2d(0-16)  97%         4
 Summon Lightning Spire   Summ/Air       0%         N/A       97%         4


Dungeon Overview and Level Annotations

Branches:
Dungeon (3/15)

Altars:


Innate Abilities, Weirdness & Mutations

You are a hulking beast.
Your limbs bulge with bestial killing power. (Slay +2)
You cannot wear most types of armour.
You are amphibious.
You can wear up to eight rings at the same time.
Your skin changes colour to match your surroundings (Stealth+).
Your rubbery body absorbs attacks. (AC +1, EV +1)
((You are camouflaged when in or above water. (Stealth+)))
You have tentacles for arms and can constrict up to eight enemies at once.


Message History

An orc comes into view. It is wielding a +0 whip.
An orc comes into view. It is wielding a +0 hand axe.
The orc shouts!
The orc priest shouts!
The orc shouts!
The orc priest completely misses you.
A quokka comes into view.
You tentacle-slap the orc priest. You grab the orc priest.
The orc priest is moderately wounded.
You constrict the orc priest. The orc priest barely misses you.
The orc hits you with a +0 hand axe.
You barely miss the orc priest. You tentacle-slap the orc priest.
The orc priest is heavily wounded.
You constrict the orc priest. The orc hits you with a +0 whip.
The orc priest calls down the wrath of Beogh upon you.
Pain shoots through your body! The orc barely misses you.
Unknown command.
You tentacle-slap the orc priest but do no damage.
The orc priest is severely wounded.
You constrict the orc priest. The orc closely misses you.
The orc priest invokes the aid of Beogh against you.
Beogh smites you! The orc hits you with a +0 hand axe.
* * * LOW HITPOINT WARNING * * *
The orc priest shouts, "Beogh offers mercy even to people such as you.
Join us and be reborn!" (press Y on the ability menu to convert to Beogh)
You tentacle-slap the orc priest but do no damage.
You tentacle-slap the orc priest.
You kill the orc priest!
The orc closely misses you. The orc misses you.
Your Shapeshifting skill increases to level 4!
Unknown command.
Unknown command.
The orc attacks as it pursues you! The orc misses you.
The orc hits you with a +0 hand axe.
* * * LOW HITPOINT WARNING * * *
Unknown command.
Okay, then.
You tentacle-slap the orc. You grab the orc.
The orc is heavily wounded.
You constrict the orc, but do no damage.
The orc hits you with a +0 whip.
You die...

....# ......+........o...
.....##.....#.........#..
............+......<.....
............##....####...
.......)....++.... ....
.......#....##.... #....
#.....ro#####... #....
#.#####o# #### ... #h# #
#.# #.# #.# ### #.#
#<############.#
#....).........#
################


You could see 2 orcs and a quokka.

Vanquished Creatures
  A bombardier beetle (D:3)
  An orc priest (D:3)
  2 adders (D:2)
  A ribbon worm (D:2)
  A dart slug (D:2)
  2 orcs (D:2)
  10 bats
  7 endoplasms
  3 giant cockroaches (D:1)
  8 goblins
  4 hobgoblins
  13 jackals (D:1)
  2 kobolds
  2 quokkas
  6 ball pythons
  A frilled lizard (D:1)
  5 rats
69 creatures vanquished.

Notes
Turn   | Place    | Note
-------+----------+-------------------------------------------
     0 | D:1      | BubbleThief the Octopode Shapeshifter began the quest for
                  | the Orb.
     0 | D:1      | Reached XP level 1. HP: 13/13 MP: 1/1
    62 | D:1      | Reached XP level 2. HP: 18/18 MP: 2/2
   362 | D:1      | Reached XP level 3. HP: 17/24 MP: 3/3
   951 | D:2      | Reached XP level 4. HP: 18/30 MP: 4/4
  1584 | D:3      | Reached XP level 5. HP: 32/36 MP: 5/5
  1686 | D:3      | Slain by an orc

Illustrated notes

Levels and vault maps discovered:
D:1:      shiori_arrival_oz, layout_loops_corners, kennysheep_crisscross,
          minmay_hexomino_p4
D:2:      layout_loops_ring
D:3:      layout_basic, dreamdust_ecumenical_altar_angels_and_demons,
          st_stairs_8

Skill      XL: |  1  2  3  4  5 |
---------------+----------------+-----
Fighting       | 2 3 |  3.1
Unarmed Combat | 4 |  4.1
Shapeshifting  | 4 |  4.0
Dodging        | |  2.0

Action                     |  1- 3 |  4- 6 || total
---------------------------+-------+-------++-------
  Melee: Unarmed           |    77 |    49 ||   126
         Punch             |     1 |     5 ||     6
         Constrict         |    18 |    12 ||    30
         Tentacles         |    18 |    13 ||    31
   Stab: Sleeping          |     2 |     2 ||     4
 Armour: Skin              |    31 |    31 ||    62
  Dodge: Dodged            |    54 |    30 ||    84

Table legend: (Time is in decaauts)
 A = Elapsed time spent in this place.
 B = Non-inter-level travel time spent in this place.
 C = Inter-level travel time spent in this place.
 D = Time resting spent in this place.
 E = Time spent auto-exploring this place.
 F = Levels seen in this place.
 G = Mean time per level.
                   A        B        C        D        E       F      G
               +--------+--------+--------+--------+--------+-----+--------+
         Total |   1677 |   1608 |     69 |      0 |   1264 |   3 |  559.0 |
       Dungeon |   1677 |   1608 |     69 |      0 |   1264 |   3 |  559.0 |
               +--------+--------+--------+--------+--------+-----+--------+

Top non-repeatable levels by time:
     D:1: 887 daAuts
     D:2: 699 daAuts
     D:3: 91 daAuts
